Selects Italian Combined Arms Battlegroup
Selects Bersaglieri Squad
Kradschützen Motorcycle Team
Construct Light Support Kompanie
le.IG 18 Support Gun Team
Selects Semovente da 75/18 Assault Gun
Selects Carro Armato M13/40 Light Tank
Carro Armato M13/40 Light Tank
Construct Panzerarmee Kommand
Carro Armato M13/40 Light Tank
Semovente da 75/18 Assault Gun
Walking Stuka Rocket Launcher
Selects Vehicle Support - Secure Location
Selects Vehicle Support - Force Recon